Map: Traitor's Exile

Players

Killermario

  • Race: Zerg Zerg
  • League: Silver
  • Spawn Location: 5:00

Odinserbe

  • Race: Protoss Protoss
  • League: Gold
  • Spawn Location: 6:00

ILIEKEGGPIE - Winner!

  • Race: Protoss Protoss
  • League: Platinum
  • Spawn Location: 12:00

coplano - Winner!

  • Race: Terran Terran
  • Spawn Location: 9:00

VOD

Have the link to the VOD?

Description

Time

  • Played on: April 17, 2018, 7:22 p.m.
  • Length: 6:55
Show
View Real Time Build Order
Export as new Build Order

Killermario Zerg 

Build Orders: Hatch First 

Get SALT Encoding   

  12  0:11  Overlord  
  12  0:13  Drone  
  13  0:18  Drone  
  14  0:31  Drone  
  15  0:38  Drone  
  16  0:47  Drone  
  17  0:56  Extractor  
  16  0:57  Drone  
  17  1:10  Drone  
  18  1:11  Hatchery  
  17  1:19  Extractor  
  17  1:20  Drone  
  17  1:29  Spawning Pool  
  16  1:35  Drone  
  17  1:56  Drone x2  
  19  2:08  Drone  
  20  2:12  Drone  
  21  2:23  Queen  
  21  2:28  Lair  
  23  2:30  Drone  
  23  2:31  Drone  
  23  2:36  Drone x2  
  27  2:43  Drone  
  28  2:58  Overlord x2  
  28  3:10  Overlord  
  28  3:15  Queen  
  28  3:19  Drone x4  
  34  3:25  Extractor  
  33  3:27  Extractor  
  33  3:28  Drone x2  
  33  3:31  Overseer  
  34  3:49  Spine Crawler  
  34  3:51  Spine Crawler  
  32  3:57  Hydralisk Den  
  32  4:02  Queen  
  33  4:25  Hydralisk x2  
  33  4:26  Hydralisk x3  
  33  4:30  Overlord x2  
  43  4:42  Evolution Chamber  
  43  4:44  Evolution Chamber  
  41  4:45  Overlord x2  
  41  4:46  Overlord  
  41  5:20  Hydralisk x6  
  41  5:21  Hydralisk x3  
  54  5:43  Hydralisk  
  54  5:44  Hydralisk x2  
  24  6:27  Zergling x8  
  24  6:28  Zergling x6  
  31  6:36  Baneling Nest  
Show
View Real Time Build Order
Export as new Build Order

Odinserbe Protoss 

Build Orders:  

Get SALT Encoding   

  12  0:17  Pylon  
  12  0:21  Probe  
  12  0:22  Assimilator  
  13  0:42  Gateway  
  13  0:45  Probe  
  14  0:55  Probe  
  15  1:03  Assimilator, Probe  
  16  1:11  Probe  
  17  1:23  Probe  
  18  1:34  Cybernetics Core  
  18  1:35  Probe  
  18  1:47  Probe  
  16  2:11  Forge  
  16  2:20  Stalker  
  16  2:50  Stalker  
  17  3:19  Probe  
  18  3:31  Stalker, Probe  
  17  4:01  Stalker  
Show
View Real Time Build Order
Export as new Build Order

ILIEKEGGPIE Protoss - Winner!

Build Orders:  

Get SALT Encoding   

  12  0:01  Probe  
  13  0:13  Probe  
  14  0:21  Pylon  
  14  0:25  Probe  
  15  0:39  Probe  
  15  0:42  Forge  
  16  0:49  Probe  
  16  0:51  Pylon  
  17  0:57  Probe  
  18  1:17  Photon Cannon  
  18  1:28  Probe  
  19  1:34  Gateway  
  19  1:39  Pylon  
  19  1:50  Probe  
  19  1:52  Assimilator  
  19  2:06  Probe  
  19  2:12  Pylon  
  19  2:14  Probe  
  20  2:17  Assimilator  
  20  2:22  Cybernetics Core  
  21  2:30  Photon Cannon  
  21  2:32  Gateway  
  21  2:38  Pylon  
  21  2:40  Pylon  
  21  3:00  Warp Gate  
  21  3:02  Stalker  
  21  3:03  Probe  
  21  3:11  Probe  
  25  3:20  Photon Cannon  
  25  3:21  Probe  
  26  3:32  Photon Cannon  
  26  3:38  Zealot  
  28  3:42  Photon Cannon  
  28  4:14  Assimilator  
  28  4:26  Probe  
  28  4:30  Pylon  
  29  4:43  Gateway  
  29  4:45  Gateway  
  29  4:48  Gateway  
  29  4:51  Gateway  
  29  5:05  Zealot x2  
  33  5:43  Twilight Council  
  33  5:45  Robotics Facility  
  31  6:18  Stalker  
  31  6:19  Stalker x5  
  43  6:37  Templar Archives  
  43  6:39  Pylon  
  47  6:50  Nexus  
Show
View Real Time Build Order
Export as new Build Order

coplano Terran - Winner!

Build Orders:  

Get SALT Encoding   

  12  0:01  SCV  
  13  0:13  SCV  
  14  0:19  Supply Depot  
  14  0:25  SCV  
  15  0:47  Barracks  
  15  0:49  SCV  
  16  0:52  Refinery  
  16  1:01  SCV  
  17  1:13  SCV  
  18  1:27  Refinery  
  18  1:34  Orbital Command  
  18  1:36  Marine  
  19  1:59  Command Center  
  19  2:05  Barracks Reactor  
  19  2:14  Factory  
  19  2:23  Supply Depot  
  19  2:28  SCV  
  20  2:41  Marine x2  
  22  2:45  SCV  
  22  2:49  Supply Depot  
  23  2:59  Marine x2  
  25  3:08  Factory Tech Lab  
  25  3:16  Marine, SCV  
  25  3:17  Marine  
  28  3:32  Siege Tank  
  31  3:36  Marine x2  
  33  3:44  Engineering Bay  
  33  3:45  SCV  
  34  3:51  SCV  
  35  3:57  Marine, SCV  
  35  3:59  Marine  
  38  4:03  SCV  
  38  4:07  Siege Tank  
  42  4:17  SCV  
  43  4:29  SCV  
  43  4:31  Marine x2  
  46  4:41  SCV  
  46  4:43  Orbital Command  
  47  4:46  Refinery  
  47  4:49  Marine x2  
  49  4:53  SCV  
  49  4:54  Supply Depot  
  49  4:59  Terran Infantry Weapons Level 1  
  50  5:06  Marine  
  50  5:07  Marine  
  52  5:15  Siege Tank  
  55  5:38  SCV  
  56  5:45  SCV  
  56  5:47  Cyclone  
  60  5:50  SCV  
  56  6:00  Command Center  
  56  6:06  Marine x2  
  57  6:13  Supply Depot  
  57  6:15  Supply Depot  
  57  6:19  Starport  
  57  6:20  Cyclone  
  57  6:24  Marine x2  
  62  6:43  Supply Depot  
  64  6:47  Refinery  
Tags
 
Add a new tag
Caveats
  • Supply blocks, unpowered buildings, or Contaminate may cause inaccurate times.
  • Supply counts are checked every 10 seconds.